 Dungeon Crawl Stone Soup version 0.24.1 (webtiles) character file.

Game seed: 4531732627767196230, levelgen mode: deterministic

60 BreadTh the Insei (level 4, -6/29 HPs)
             Began as an Octopode Transmuter on Mar 29, 2020.
             Killed from afar by Sigmund (8 damage)
             ... with a magic dart
             ... on level 2 of the Dungeon.
             The game lasted 00:04:04 (1319 turns).

BreadTh the Insei (Octopode Transmuter)             Turns: 1319, Time: 00:04:05

Health: -6/29      AC:  1    Str:  9    XL:     4   Next: 4%
Magic:  6/7        EV: 13    Int: 15    God:
Gold:   64         SH:  0    Dex: 13    Spells: 6/7 levels left

rFire    . . .     SeeInvis .     - Unarmed
rCold    . . .     Gourm    .   (no shield)
rNeg     . . .     Faith    .   (helmet restricted)
rPois    +         Spirit   .   (no amulet)
rElec    .         Reflect  .   j - ring of poison resistance
rCorr    .         Harm     .   (no ring)
MR       .....                  (no ring)
Stlth    +++.......             (no ring)
HPRegen  0.09/turn              (no ring)
MPRegen  0.10/turn              (no ring)
                                (no ring)
                                (no ring)

@: appendage (expiring)
A: almost no armour, stealthy swim, amphibious, 8 rings, constrict 8, tentacle
spike 3, camouflage 1, gelatinous body 1
a: End Transformation


You were on level 2 of the Dungeon.
You were not hungry.
One of your tentacles had a temporary spike.
You visited 1 branch of the dungeon, and saw 2 of its levels.

You collected 64 gold pieces.

Inventory:

Missiles
 a - 12 arrows
 e - 17 bolts
 f - 8 poisoned darts (quivered)
Jewellery
 j - a ring of poison resistance (left tentacle)
Scrolls
 g - a scroll of identify {unknown}
Potions
 b - a potion of ambrosia {unknown}
 d - a potion of heal wounds {unknown}
 h - a potion of curing {unknown}
Comestibles
 c - 2 rations
 i - a chunk of flesh


   Skills:
 + Level 2.2 Fighting
 - Level 2.0 Dodging
 + Level 2.8 Stealth
 + Level 3.6 Unarmed Combat
 - Level 2.0 Spellcasting
 - Level 2.0 Transmutations


You had 6 spell levels left.
You knew the following spells:

 Your Spells              Type           Power        Failure   Level  Hunger
a - Beastly Appendage     Tmut           #.....       10%         1    #......

Your spell library contained the following spells:

 Spells                   Type           Power        Failure   Level  Hunger
 Sticks to Snakes         Tmut           #.......     14%         2    ###....
 Spider Form              Tmut/Pois      #.........   41%         3    ###....
 Ice Form                 Ice/Tmut       #.......     82%         4    #####..
 Blade Hands              Tmut           #.........   95%         5    ######.


Dungeon Overview and Level Annotations

Branches:
Dungeon (2/15)

Altars:

Annotations:
D:2 Sigmund


Innate Abilities, Weirdness & Mutations

You cannot wear most types of armour.
You are very stealthy in the water. (Stealth+)
You are amphibious.
You can wear up to eight rings at the same time.
You can use your tentacles to constrict eight enemies at once.
Your skin changes colour to match your surroundings (Stealth+).
Your rubbery body absorbs attacks. (AC +1, EV +1)
One of your tentacles bears a large vicious spike.


Message History

Okay, then.
Casting: Beastly Appendage (safe; 10% risk of failure)
Confirm with . or Enter, or press ? or * to list all spells.
One of your tentacles grows a vicious spike.
The frilled lizard barely misses you.
You tentacle-slap the frilled lizard. You grab the frilled lizard.
You pierce the frilled lizard.
You kill the frilled lizard!
Something hits you.
Your transformation is almost over.
Something hits you.
You barely miss something. You tentacle-slap something.
You pierce something.
You squeeze something! Something hits you!
* * * LOW HITPOINT WARNING * * *
You miss something.
You hear some strange, mumbled words.
A magic dart appears from out of thin air!
The magic dart hits you!
You die...

..........###..
..............#
....(..S..# ..##...#.>#
#.#....# ##### #
##...#### #...# #
#......# #...# .#
......###.####...##.#
..####.# #Sg.@#......#
#.######......#
.............###
#.########.....########
.. ##.....##.....##
##..............##
###..รท...........<.#
.....................#
.####................#


You could see an adder and a goblin.

Vanquished Creatures
  An adder (D:2)
  2 oozes (D:1)
  4 dart slugs (D:1)
  A leopard gecko (D:1)
  2 giant cockroaches (D:1)
  5 goblins (D:1)
  3 hobgoblins (D:1)
  2 kobolds (D:1)
  A quokka (D:1)
  A ball python (D:1)
  4 bats (D:1)
  2 frilled lizards
  7 rats
35 creatures vanquished.

Notes
Turn   | Place    | Note
-------+----------+-------------------------------------------
     0 | D:1      | BreadTh the Octopode Transmuter began the quest for the
                  | Orb.
     0 | D:1      | Reached XP level 1. HP: 13/13 MP: 3/3
   159 | D:1      | Reached skill level 1 in Stealth
   233 | D:1      | Reached XP level 2. HP: 4/18 MP: 5/5
   617 | D:1      | Reached XP level 3. HP: 24/24 MP: 6/6
  1268 | D:2      | Reached XP level 4. HP: 28/29 MP: 7/7
  1299 | D:2      | Noticed Sigmund
  1318 | D:2      | HP: 1/29 [something (12)]
  1319 | D:2      | Killed from afar by Sigmund

Levels and vault maps discovered:
D:1:      onia_arrival_larder, layout_loops_cross
D:2:      layout_rooms, uniq_crazy_yiuf_cottage, uniq_jessica, uniq_sigmund,
          uniq_natasha

Skill      XL: |  1  2  3 |
---------------+----------+-----
Stealth        | 1 2 |  2.8
Fighting       | 2 |  2.2
Dodging        | |  2.0
Unarmed Combat | |  3.6
Spellcasting   | |  2.0
Transmutations | |  2.0

Action                   |  1- 3 |  4- 6 || total
-------------------------+-------+-------++-------
Melee: Unarmed           |    71 |     8 ||    79
       Constrict         |    19 |     2 ||    21
       Tentacles         |    13 |     1 ||    14
       Punch             |     2 |       ||     2
       Kick              |       |     2 ||     2
 Cast: Beastly Appendage |       |     1 ||     1
 Stab: Sleeping          |    17 |     1 ||    18
  Eat: Chunk             |     1 |       ||     1
Armor: Skin              |     3 |     1 ||     4
Dodge: Dodged            |    35 |     3 ||    38
